 Dungeon Sprint DCSS version 0.28.0-49-g6dfe1f597d (webtiles) character file.

Game seed: 17434981018593344575

4000000 Zeld the Conqueror (level 21, -49/224 HPs)
             Began as a Minotaur Monk on May 18, 2022.
             Was the Champion of Makhleb.
             Annihilated by a destroyer
             ... wielding a +9 vorpal great sword
              (188 damage)
             ... in the Dungeon (Sprint VIII: "Arena of Blood").
             The game lasted 00:01:02 (40 turns).

Zeld the Conqueror (Minotaur Monk)                    Turns: 40, Time: 00:01:02

Health: -49/224    AC:  3    Str: 27    XL:     21   Next: 50%
Magic:  18/31      EV: 25    Int:  7    God:    Makhleb [******]
Gold:   0          SH:  0    Dex: 13    Spells: 20/20 levels left

rFire   . . .      SeeInvis .   h - +∞ Axe of Woe
rCold   . . .      Faith    .   (shield currently unavailable)
rNeg    . . .      Spirit   .   a - +0 robe
rPois   .          Reflect  .   (helmet restricted)
rElec   .          Harm     .   (no cloak)
rCorr   .          Rampage  .   (no gloves)
Will    +....      NoTele   +   (no boots)
Stlth   +++++++++.              (no amulet)
HPRegen 0.47/turn               (no ring)
MPRegen 0.22/turn               (no ring)

@: no status effects
A: horns 2, retaliatory headbutt
a: Renounce Religion, Minor Destruction, Lesser Servant of Makhleb, Major
Destruction, Greater Servant of Makhleb


You were in the Dungeon.
You worshipped Makhleb.
Makhleb was exalted by your worship.
You visited 1 branch

Inventory:

Hand Weapons
 h - the +∞ Axe of Woe (weapon)
   (You found it in the Dungeon)
Armour
 a - a +0 robe (worn)
Scrolls
 g - a scroll of blinking
Potions
 b - a potion of curing
 c - a potion of heal wounds
 d - a potion of haste
 e - 2 potions of magic
 f - a potion of berserk rage


   Skills:
 O Level 27 Fighting
 + Level 15.2(17.8) Short Blades
 + Level 16.5(19.2) Long Blades
 O Level 27 Axes
 + Level 16.5(25.3) Maces & Flails
 + Level 16.5(25.3) Polearms
 + Level 16.5(21.5) Staves
 + Level 15.2(17.8) Slings
 + Level 15.2 Bows
 + Level 15.2 Crossbows
 + Level 14.0(16.4) Throwing
 + Level 16.5 Armour
 O Level 27 Dodging
 O Level 27 Stealth
 + Level 16.5 Shields
 O Level 27 Unarmed Combat
 + Level 11.0 Conjurations
 + Level 11.2 Hexes
 + Level 10.9 Summonings
 + Level 11.0 Necromancy
 + Level 11.0 Translocations
 + Level 11.9 Transmutations
 + Level 11.0 Fire Magic
 + Level 11.0 Ice Magic
 + Level 10.9 Air Magic
 + Level 11.9 Earth Magic
 + Level 12.2 Poison Magic
 + Level 15.6 Invocations
 + Level 14.3 Evocations


You had 20 spell levels left.
You didn't know any spells.
Your spell library was empty.

Dungeon Overview and Level Annotations

Branches:
Dungeon (1/1)

Altars:
Makhleb


Innate Abilities, Weirdness & Mutations

You have a pair of horns on your head.
You reflexively headbutt those who attack you in melee.


Message History

You feel better.
The sculptor of flesh appears out of thin air!
A sculptor of flesh comes into view. It is wielding a +9 great sword.
You hear a shout! x6
A large bag of meat comes into view. It is wielding a +9 giant spiked club.
You hear a shout! x2; The large bag of meat shouts in stereo!
Your base Short Blades skill increases to level 15!
Your base Long Blades skill increases to level 16!
Your base Maces & Flails skill increases to level 16!
Your base Polearms skill increases to level 16!
Your base Staves skill increases to level 16!
Your base Slings skill increases to level 15!
Your Bows skill increases to level 15!
Your Crossbows skill increases to level 15!
Your base Throwing skill increases to level 14!
Your Armour skill increases to level 16!
Your Shields skill increases to level 16!
Your Conjurations skill increases to level 11!
Your Hexes skill increases to level 11!
Your Necromancy skill increases to level 11!
Your Translocations skill increases to level 11!
Your Fire Magic skill increases to level 11!
Your Ice Magic skill increases to level 11!
Your Poison Magic skill increases to level 12!
Your Invocations skill increases to level 15!
Your Evocations skill increases to level 14!
You have reached level 21!
Your experience leads to an increase in your attributes!
Increase (S)trength, (I)ntelligence, or (D)exterity?
You feel stronger. x2
The destroyer points at you and mumbles some strange words.
The destroyer blinks!
You hear a shout! x2
The destroyer casts a spell at you.
The destroyer blinks!
You hear a shout! x4
The destroyer is engulfed in blazing flames.
The destroyer hits you with a +9 vorpal great sword!!!!!
Ouch! That really hurt!
You die...

OO..# ....... o...
........ ...# .........
###...#.z.......
##......#............
.....o................
#...§§§.§..........
.#o§o)V)§.#.......#
......#@☼☼§§#.......#
...#.§V○°☼###.......###.
........°☼).)..###......
.......#....))).V.......
.....#....)))#.....#....
###.......V.)#_.<._# .
....#.......#.....#
......#........_.....
............###......


You could see 3 destroyers, a sculptor of flesh (wandering) and 4 bags of meat.

Vanquished Creatures
  4 vampire knights (D)
  7 ogres (D)
  5 two-headed ogres (D)
  32 orcs (D)
  A skeletal warrior (D)
49 creatures vanquished.

Notes
Turn   | Place    | Note
-------+----------+-------------------------------------------
     0 | D        | Found the +∞ Axe of Woe
     0 | D        | Zeld the Minotaur Monk began the quest for the Orb.
     0 | D        | Reached XP level 1. HP: 19/19 MP: 0/0
     2 | D        | Noticed a bag of meat
     3 | D        | Noticed a meat berserker
     4 | D        | Became a worshipper of Makhleb the Destroyer
     4 | D        | Reached * piety under Makhleb
     4 | D        | Reached ** piety under Makhleb
     6 | D        | Killed a meat berserker
     7 | D        | Reached XP level 2. HP: 56/56 MP: 1/1
     7 | D        | Reached XP level 3. HP: 63/63 MP: 2/2
     7 | D        | Reached XP level 4. HP: 71/71 MP: 3/3
     7 | D        | Reached XP level 5. HP: 79/79 MP: 4/4
     7 | D        | Reached XP level 6. HP: 86/86 MP: 5/5
     7 | D        | Reached XP level 7. HP: 93/93 MP: 6/6
     7 | D        | Reached XP level 8. HP: 102/102 MP: 7/7
     7 | D        | Reached XP level 9. HP: 108/108 MP: 8/8
     7 | D        | Reached XP level 10. HP: 117/117 MP: 9/9
     7 | D        | Reached XP level 11. HP: 124/124 MP: 10/10
     7 | D        | Noticed a bag of meat
     8 | D        | Noticed a bag of meat
     8 | D        | Noticed a bag of meat
     9 | D        | Noticed a meat berserker
     9 | D        | Noticed a bag of meat
    11 | D        | Killed a bag of meat
    11 | D        | Noticed a meat berserker
    11 | D        | Noticed a bag of meat
    11 | D        | Noticed a bag of meat
    11 | D        | Noticed a bag of meat
    12 | D        | Reached XP level 12. HP: 136/136 MP: 11/11
    12 | D        | Killed a bag of meat
    12 | D        | Reached *** piety under Makhleb
    12 | D        | Noticed a bag of meat
    12 | D        | Noticed a bag of meat
    12 | D        | Noticed a bag of meat
    12 | D        | Noticed a bag of meat
    12 | D        | Noticed a bag of meat
    13 | D        | Reached XP level 13. HP: 114/147 MP: 12/12
    13 | D        | Killed a meat berserker
    14 | D        | Reached skill level 10 in Axes
    14 | D        | Killed a bag of meat
    14 | D        | Killed a meat berserker
    14 | D        | Noticed a bag of meat
    14 | D        | Noticed a bag of meat
    15 | D        | Reached skill level 27 in Fighting
    15 | D        | Reached XP level 14. HP: 139/168 MP: 13/13
    15 | D        | Noticed a bag of meat
    15 | D        | Noticed a bag of meat
    16 | D        | Killed a bag of meat
    16 | D        | Reached **** piety under Makhleb
    16 | D        | Noticed a meat berserker
    17 | D        | Killed a bag of meat
    17 | D        | Killed a bag of meat
    17 | D        | Killed a bag of meat
    17 | D        | Killed a bag of meat
    17 | D        | Killed a bag of meat
    17 | D        | Reached ***** piety under Makhleb
    18 | D        | Reached skill level 27 in Dodging
    18 | D        | Reached skill level 27 in Unarmed Combat
    18 | D        | Reached XP level 15. HP: 174/174 MP: 14/14
    18 | D        | Noticed a large bag of meat
    18 | D        | Noticed a large bag of meat
    19 | D        | Reached skill level 27 in Axes
    19 | D        | Reached XP level 16. HP: 183/183 MP: 15/15
    19 | D        | Noticed a meat berserker
    20 | D        | Noticed a large bag of meat
    20 | D        | Noticed a destroyer
    21 | D        | Noticed a large bag of meat
    22 | D        | Killed a large bag of meat
    22 | D        | Killed a meat berserker
    22 | D        | Noticed a destroyer
    23 | D        | Reached skill level 27 in Stealth
    23 | D        | Reached XP level 17. HP: 126/191 MP: 16/16
    24 | D        | Reached skill level 1 in Conjurations
    24 | D        | Reached skill level 1 in Hexes
    24 | D        | Reached skill level 1 in Summonings
    24 | D        | Reached skill level 1 in Necromancy
    24 | D        | Reached skill level 1 in Translocations
    24 | D        | Reached skill level 1 in Transmutations
    24 | D        | Reached skill level 1 in Fire Magic
    24 | D        | Reached skill level 1 in Ice Magic
    24 | D        | Reached skill level 1 in Air Magic
    24 | D        | Reached skill level 1 in Earth Magic
    24 | D        | Reached skill level 1 in Poison Magic
    25 | D        | Reached ****** piety under Makhleb
    25 | D        | Killed a meat berserker
    25 | D        | Killed a destroyer
    25 | D        | Noticed a large bag of meat
    26 | D        | Reached skill level 5 in Transmutations
    26 | D        | Reached skill level 5 in Earth Magic
    26 | D        | Reached skill level 5 in Poison Magic
    26 | D        | Reached XP level 18. HP: 161/200 MP: 16/22
    26 | D        | Noticed a destroyer
    28 | D        | Reached skill level 5 in Conjurations
    28 | D        | Reached skill level 5 in Hexes
    28 | D        | Reached skill level 5 in Summonings
    28 | D        | Reached skill level 5 in Necromancy
    28 | D        | Reached skill level 5 in Translocations
    28 | D        | Reached skill level 5 in Fire Magic
    28 | D        | Reached skill level 5 in Ice Magic
    28 | D        | Reached skill level 5 in Air Magic
    28 | D        | Noticed a destroyer
    28 | D        | Killed a large bag of meat
    29 | D        | Reached skill level 10 in Long Blades
    29 | D        | Reached skill level 10 in Maces & Flails
    29 | D        | Reached skill level 10 in Polearms
    29 | D        | Reached skill level 10 in Staves
    29 | D        | Reached skill level 10 in Armour
    29 | D        | Reached skill level 10 in Shields
    29 | D        | Noticed a destroyer
    29 | D        | Killed a large bag of meat
    30 | D        | Reached skill level 10 in Short Blades
    30 | D        | Reached skill level 10 in Invocations
    30 | D        | Reached XP level 19. HP: 122/207 MP: 16/25
    30 | D        | Killed a large bag of meat
    31 | D        | Reached skill level 10 in Slings
    31 | D        | Reached skill level 10 in Bows
    31 | D        | Reached skill level 10 in Crossbows
    31 | D        | Reached skill level 10 in Evocations
    31 | D        | Noticed a destroyer
    31 | D        | Killed a destroyer
    32 | D        | Reached skill level 10 in Throwing
    32 | D        | Noticed a meat berserker
    33 | D        | Killed a destroyer
    33 | D        | Killed a large bag of meat
    34 | D        | Reached skill level 10 in Transmutations
    34 | D        | Reached skill level 10 in Earth Magic
    34 | D        | Reached skill level 10 in Poison Magic
    34 | D        | Reached XP level 20. HP: 153/216 MP: 17/28
    34 | D        | Noticed a meat berserker
    34 | D        | Noticed a destroyer
    37 | D        | Killed a meat berserker
    38 | D        | Reached skill level 15 in Long Blades
    38 | D        | Reached skill level 15 in Maces & Flails
    38 | D        | Reached skill level 15 in Polearms
    38 | D        | Reached skill level 15 in Staves
    38 | D        | Reached skill level 15 in Armour
    38 | D        | Reached skill level 15 in Shields
    38 | D        | Reached skill level 10 in Conjurations
    38 | D        | Reached skill level 10 in Hexes
    38 | D        | Reached skill level 10 in Summonings
    38 | D        | Reached skill level 10 in Necromancy
    38 | D        | Reached skill level 10 in Translocations
    38 | D        | Reached skill level 10 in Fire Magic
    38 | D        | Reached skill level 10 in Ice Magic
    38 | D        | Reached skill level 10 in Air Magic
    38 | D        | Noticed a large bag of meat
    39 | D        | Killed a meat berserker
    39 | D        | Killed a destroyer
    39 | D        | Noticed a large bag of meat
    40 | D        | Reached skill level 15 in Short Blades
    40 | D        | Reached skill level 15 in Slings
    40 | D        | Reached skill level 15 in Bows
    40 | D        | Reached skill level 15 in Crossbows
    40 | D        | Reached skill level 15 in Invocations
    40 | D        | Reached XP level 21. HP: 139/224 MP: 18/31
    40 | D        | Annihilated by a destroyer

Illustrated notes

Levels and vault maps discovered:
D:        meatsprint

Skill      XL: |  1  2  3  4  5  6  7  8  9 10 11 12 13 14 15 16 17 18 19 20 |
---------------+-------------------------------------------------------------+-----
Fighting       | 19 21 22 27 | 27.0
Axes           | 4 6 7 13 24 27 | 27.0
Dodging        | 18 19 20 24 27 | 27.0
Stealth        | 6 7 8 11 19 27 | 27.0
Unarmed Combat | 18 19 21 24 27 | 27.0
Short Blades   | 6 10 12 15 | 15.2
Long Blades    | 7 10 13 16 | 16.5
Maces & Flails | 7 10 13 16 | 16.5
Polearms       | 7 10 13 16 | 16.5
Staves         | 7 10 13 16 | 16.5
Slings         | 6 9 12 15 | 15.2
Bows           | 6 9 12 15 | 15.2
Crossbows      | 6 9 12 15 | 15.2
Throwing       | 6 9 11 14 | 14.0
Armour         | 7 10 13 16 | 16.5
Shields        | 7 10 13 16 | 16.5
Conjurations   | 4 6 9 11 | 11.0
Hexes          | 4 7 9 11 | 11.2
Summonings     | 4 6 9 10 | 10.9
Necromancy     | 4 6 9 11 | 11.0
Translocations | 4 6 9 11 | 11.0
Transmutations | 5 7 10 11 | 11.9
Fire Magic     | 4 6 9 11 | 11.0
Ice Magic      | 4 6 9 11 | 11.0
Air Magic      | 4 6 9 10 | 10.9
Earth Magic    | 5 7 10 11 | 11.9
Poison Magic   | 5 7 10 12 | 12.2
Invocations    | 6 10 13 15 | 15.6
Evocations     | 6 9 12 14 | 14.3

Action                   |  1- 3 |  4- 6 |  7- 9 | 10-12 | 13-15 | 16-18 | 19-21 || total
-------------------------+-------+-------+-------+-------+-------+-------+-------++-------
Melee: Executioner's axe |     1 |       |       |     2 |     5 |     7 |     8 ||    23
Dodge: Dodged            |       |       |       |     1 |       |       |       ||     1
